Map: Moondance

Players

ShaDoWn

  • Race: Protoss Protoss
  • Spawn Location: 6:00

Kelazhur - Winner!

  • Race: Terran Terran
  • Spawn Location: 12:00

Event: DreamHack SC2 Masters 2022 Atlanta (Offline)

VOD

Have the link to the VOD?

Description

Time

  • Played on: Nov. 18, 2022, 3:27 p.m.
  • Length: 16:15

All games in this series

Show
View Real Time Build Order
Export as new Build Order

ShaDoWn Protoss 

Build Orders: 1 Gate Expand 

Get SALT Encoding   

  12  0:00  Probe  
  13  0:12  Probe  
  14  0:16  Pylon  
  14  0:24  Probe  
  15  0:35  Gateway  
  15  0:37  Probe (Chrono Boost)  
  16  0:46  Probe (Chrono Boost)  
  16  0:49  Assimilator  
  17  0:51  Probe (Chrono Boost)  
  18  1:03  Probe  
  19  1:15  Probe  
  20  1:22  Cybernetics Core  
  20  1:31  Nexus  
  20  1:38  Pylon  
  20  1:41  Probe  
  20  1:46  Assimilator  
  21  1:53  Probe  
  22  1:55  Stalker (Chrono Boost)  
  24  2:05  Probe  
  25  2:10  Warp Gate  
  25  2:17  Probe  
  25  2:29  Probe, Stalker (Chrono Boost)  
  28  2:41  Probe  
  29  2:49  Probe  
  29  2:50  Stalker (Chrono Boost)  
  30  2:54  Probe  
  33  3:01  Probe  
  34  3:06  Probe  
  35  3:13  Probe  
  35  3:18  Probe  
  35  3:19  Stalker  
  39  3:25  Probe  
  40  3:30  Probe  
  41  3:36  Twilight Council  
  41  3:37  Probe  
  42  3:42  Robotics Facility, Probe  
  43  3:49  Probe  
  43  3:51  Pylon  
  43  3:54  Probe  
  43  3:55  Gateway  
  45  4:01  Probe, Pylon  
  46  4:05  Gateway  
  46  4:09  Probe  
  47  4:13  Probe  
  48  4:23  Probe (Chrono Boost)  
  42  4:26  Probe (Chrono Boost)  
  42  4:27  Stalker  
  45  4:37  Observer, Probe x2 (Chrono Boost)  
  48  4:45  Probe (Chrono Boost)  
  50  4:46  Probe (Chrono Boost)  
  50  4:48  Nexus  
  50  4:50  Probe (Chrono Boost)  
  50  4:52  Probe  
  52  4:57  Blink (Chrono Boost)  
  52  4:58  Assimilator  
  52  5:00  Probe  
  52  5:04  Probe  
  54  5:12  Probe  
  54  5:14  Stalker, Pylon  
  55  5:16  Probe  
  58  5:24  Probe  
  60  5:28  Probe  
  60  5:29  Stalker  
  60  5:30  Pylon  
  60  5:34  Stalker  
  64  5:36  Probe  
  64  5:38  Pylon  
  64  5:42  Observer  
  67  5:43  Probe  
  67  5:48  Probe  
  67  5:55  Forge  
  67  5:56  Gateway  
  68  5:58  Gateway  
  68  5:59  Observer, Probe (Chrono Boost)  
  68  6:00  Probe (Chrono Boost)  
  71  6:06  Probe (Chrono Boost)  
  71  6:09  Probe (Chrono Boost)  
  71  6:11  Shield Battery, Probe (Chrono Boost)  
  73  6:13  Probe (Chrono Boost)  
  73  6:14  Probe (Chrono Boost)  
  75  6:20  Probe  
  75  6:24  Templar Archives  
  76  6:28  Gateway  
  76  6:29  Gateway  
  76  6:30  Warp Prism (Chrono Boost)  
  76  6:32  Gateway  
  76  6:33  Pylon  
  76  6:37  Charge (Chrono Boost)  
  78  6:41  Protoss Ground Weapons Level 1 (Chrono Boost), Zealot x2, Sentry  
  84  6:51  Pylon  
  84  6:54  Gateway  
  84  6:55  Zealot, Gateway  
  86  7:02  Probe x2  
  86  7:04  Probe, Assimilator  
  86  7:05  Assimilator  
  86  7:06  Zealot x2  
  93  7:12  Immortal (Chrono Boost)  
  97  7:19  Zealot x3  
  97  7:22  Psionic Storm, Pylon  
  103  7:24  Pylon  
  103  7:31  Shield Battery  
  103  7:33  Pylon  
  103  7:41  Zealot  
  103  7:42  High Templar  
  103  7:43  Zealot x3  
  113  7:47  Probe, Assimilator  
  113  7:50  Probe  
  115  7:53  Pylon  
  115  7:56  Probe  
  116  8:03  High Templar x2  
  120  8:12  Nexus  
  120  8:14  Cybernetics Core  
  120  8:20  High Templar  
  122  8:28  Probe  
  122  8:32  Warp Prism (Chrono Boost)  
  122  8:33  Protoss Ground Weapons Level 2 (Chrono Boost)  
  125  8:35  Probe  
  125  8:38  Pylon  
  125  8:41  Zealot x4  
  124  8:46  Pylon  
  124  8:48  Probe x2  
  126  8:51  Probe  
  126  8:54  Photon Cannon  
  127  8:56  Zealot x4  
  127  8:58  Photon Cannon  
  127  9:00  Probe  
  127  9:01  Assimilator  
  136  9:05  Robotics Facility  
  136  9:12  Robotics Bay  
  136  9:16  Stalker x2  
  138  9:20  Probe  
  133  9:27  Zealot x4, Probe (Chrono Boost)  
  133  9:28  Stalker x2  
  133  9:30  Observer  
  139  9:35  Probe (Chrono Boost)  
  142  9:40  Forge, Probe x2 (Chrono Boost)  
  142  9:42  High Templar  
  145  9:46  Probe (Chrono Boost)  
  145  9:59  Colossus (Chrono Boost)  
  137  10:01  Colossus (Chrono Boost)  
  137  10:02  Probe  
  144  10:07  High Templar  
  144  10:11  Probe x2  
  147  10:24  Stalker x2  
  147  10:25  Zealot x5  
  147  10:26  Pylon  
  147  10:27  Pylon  
  161  10:36  Observer (Chrono Boost)  
  161  10:37  Pylon  
  160  10:52  Archon, Colossus (Chrono Boost)  
  160  10:55  Zealot x3  
  160  10:56  Zealot x5  
  165  10:58  Colossus (Chrono Boost), Probe  
  153  11:11  Probe  
  153  11:13  Probe  
  153  11:15  High Templar x2  
  153  11:16  Zealot x4, High Templar x2  
  161  11:23  Protoss Ground Weapons Level 3  
  161  11:25  Protoss Ground Armor Level 1  
  155  11:36  Pylon  
  155  11:38  Stargate  
  161  11:40  Zealot x4  
  161  11:46  Disruptor (Chrono Boost)  
  171  11:52  Colossus (Chrono Boost)  
  169  11:59  Pylon  
  167  12:07  Gateway  
  167  12:08  Disruptor (Chrono Boost), Photon Cannon, Pylon  
  167  12:10  Gateway  
  167  12:13  Zealot x4  
  167  12:14  Zealot x4  
  185  12:21  Pylon  
  177  12:29  Pylon  
  167  12:30  Probe  
  167  12:32  Disruptor (Chrono Boost)  
  167  12:35  Photon Cannon  
  161  12:41  Probe  
  161  12:42  Probe, Cybernetics Core, Pylon  
  158  12:44  Probe  
  158  12:46  Disruptor (Chrono Boost)  
  158  12:47  Zealot x4  
  158  12:49  Photon Cannon  
  170  13:00  Nexus  
  170  13:05  Disruptor (Chrono Boost)  
  173  13:11  Disruptor (Chrono Boost)  
  176  13:22  Zealot x7  
  162  13:39  Disruptor  
  162  13:40  Disruptor  
  154  13:51  Stalker x6  
  154  13:52  Zealot  
  167  14:08  Nexus  
  161  14:12  Zealot  
  161  14:16  Observer x2, Pylon  
  165  14:19  Oracle, Pylon  
  166  14:25  Protoss Air Weapons Level 1 (Chrono Boost), Stalker x2  
  166  14:27  Zealot x4  
  178  14:33  Probe  
  178  14:36  Probe  
  174  14:41  Shield Battery, Stargate  
  174  14:42  Fleet Beacon  
  174  14:44  Photon Cannon, Stargate  
  174  14:45  Photon Cannon  
  174  14:46  Observer  
  174  14:48  Stargate  
  175  14:53  Shield Battery  
  175  14:54  Photon Cannon  
  175  14:56  Photon Cannon  
  175  15:03  Observer  
  175  15:07  Observer  
  175  15:11  Shield Battery  
  175  15:13  Photon Cannon  
  175  15:14  High Templar  
  178  15:16  Photon Cannon  
  177  15:26  Shield Battery  
  183  15:30  Pylon  
  183  15:34  Probe  
  159  15:36  Zealot x6  
  141  15:52  Stalker  
  141  15:55  Probe  
  127  16:02  Zealot  
  127  16:03  Zealot x5  
Show
View Real Time Build Order
Export as new Build Order

Kelazhur Terran - Winner!

Build Orders:  

Get SALT Encoding   

  12  0:00  SCV  
  13  0:12  SCV  
  14  0:17  Supply Depot  
  14  0:24  SCV  
  15  0:39  SCV  
  15  0:40  Barracks  
  16  0:46  Refinery  
  16  0:51  SCV  
  16  0:55  Refinery  
  17  1:03  SCV  
  18  1:15  SCV  
  19  1:27  Reaper, Orbital Command  
  20  1:34  Supply Depot  
  20  1:45  Factory  
  20  1:51  Bunker  
  20  1:55  SCV  
  20  1:59  Reaper  
  22  2:07  SCV  
  23  2:19  SCV  
  23  2:30  Widow Mine  
  23  2:31  SCV  
  23  2:33  Starport  
  23  2:36  Supply Depot  
  26  2:43  SCV  
  27  2:52  Widow Mine  
  27  2:55  SCV  
  30  3:04  Command Center  
  30  3:07  SCV  
  31  3:13  Medivac  
  31  3:15  Widow Mine  
  35  3:21  SCV  
  36  3:30  Barracks Reactor  
  35  3:35  SCV  
  35  3:36  Supply Depot  
  36  3:43  Factory Tech Lab  
  36  3:47  SCV  
  37  3:55  Barracks x2  
  36  3:59  SCV  
  37  4:03  Siege Tank  
  40  4:11  SCV  
  41  4:23  SCV  
  40  4:27  Marine x2  
  42  4:35  Siege Tank  
  42  4:36  SCV  
  46  4:40  Bunker  
  46  4:43  Barracks Tech Lab x2  
  46  4:46  Refinery  
  46  4:48  SCV  
  46  4:49  Orbital Command  
  46  4:52  Marine x2  
  49  5:00  SCV  
  49  5:01  Engineering Bay  
  49  5:04  Stimpack, Combat Shield  
  50  5:08  Marine x2  
  50  5:12  SCV  
  50  5:13  Marine  
  50  5:14  Marine  
  55  5:15  SCV  
  54  5:24  SCV  
  54  5:26  Starport Reactor  
  55  5:29  Marauder x2  
  55  5:30  SCV  
  55  5:34  Supply Depot, Marine x2, Factory Reactor  
  62  5:45  Supply Depot  
  62  5:55  SCV x2, Marauder x2, Marine x2  
  62  5:56  Supply Depot  
  70  5:57  Terran Infantry Weapons Level 1  
  70  6:07  SCV x2  
  70  6:09  Medivac x2  
  70  6:11  Widow Mine  
  78  6:17  Widow Mine, Marine  
  81  6:19  SCV x2  
  81  6:22  Supply Depot  
  81  6:25  Marauder  
  85  6:31  Marine  
  86  6:43  Medivac x2, Widow Mine, Marine x2  
  94  6:50  Command Center  
  94  6:52  Supply Depot  
  94  7:01  Concussive Shells  
  94  7:06  Refinery  
  94  7:09  Supply Depot  
  94  7:14  SCV x2, Marauder x2, Marine x2  
  102  7:29  Barracks  
  102  7:30  Barracks, SCV x2  
  102  7:31  Widow Mine  
  106  7:37  Supply Depot  
  106  7:38  Supply Depot  
  106  7:43  SCV x2  
  108  7:52  Viking  
  110  7:58  Viking, Marine  
  110  7:59  SCV x2, Marauder  
  110  8:00  Marauder  
  120  8:06  Orbital Command  
  119  8:17  Barracks Reactor, Barracks Tech Lab  
  119  8:19  SCV x2  
  118  8:20  Marauder  
  118  8:21  Marauder, Marine x2  
  118  8:22  Supply Depot  
  118  8:25  Terran Infantry Armor Level 1  
  123  8:37  SCV x2, Marauder  
  123  8:39  Marine x2  
  129  8:42  Marauder  
  129  8:43  Armory  
  129  8:44  SCV  
  129  8:46  Marauder  
  134  8:49  SCV  
  134  8:52  Refinery  
  134  8:54  Supply Depot, Marine x2  
  137  8:58  Ghost Academy  
  137  9:06  Marauder  
  139  9:10  Command Center  
  135  9:27  Ghost x2  
  135  9:28  Marine x2, Ghost  
  135  9:29  Enhanced Shockwaves, Marine x2  
  140  9:33  Medivac x2  
  140  9:34  Widow Mine x2  
  146  9:43  Supply Depot  
  146  9:44  Supply Depot  
  146  9:47  Marine x4  
  150  9:56  Widow Mine x2  
  153  10:00  Ghost x2  
  153  10:04  Ghost  
  158  10:09  Supply Depot  
  158  10:10  SCV x2  
  158  10:11  SCV  
  161  10:16  Marine x4  
  161  10:18  Terran Infantry Weapons Level 2  
  161  10:22  SCV  
  163  10:28  SCV x2  
  163  10:29  Marine  
  163  10:31  Marauder  
  167  10:41  Missile Turret  
  161  10:54  Viking x2  
  148  10:57  Marine x2  
  148  10:58  Marauder  
  148  10:59  Marauder  
  148  11:00  Marine x2  
  148  11:01  Marauder  
  152  11:05  Planetary Fortress  
  152  11:10  SCV x3  
  138  11:18  Ghost  
  138  11:22  SCV x2  
  138  11:23  Marauder, Marine x2  
  138  11:24  SCV  
  147  11:32  Widow Mine x2  
  153  11:33  Barracks  
  153  11:34  Medivac x2  
  153  11:35  Barracks x2  
  153  11:38  Marine  
  153  11:39  Marauder, Marine  
  157  11:56  Marauder x2  
  157  11:57  Marine x2  
  157  11:58  Command Center  
  157  12:00  Ghost  
  157  12:01  Widow Mine x2  
  169  12:11  Marine x2  
  169  12:20  Ghost  
  169  12:21  Ghost  
  172  12:28  Marine  
  172  12:29  Viking, Marauder  
  170  12:30  Marine  
  170  12:33  SCV x2  
  170  12:34  Command Center  
  171  12:42  Marine x2  
  173  12:47  SCV x2  
  173  12:48  SCV x2  
  173  12:49  Ghost x2  
  173  12:50  Marauder  
  183  12:54  Terran Infantry Weapons Level 3  
  183  12:55  Viking  
  185  13:01  Starport  
  183  13:16  SCV x2  
  183  13:17  SCV x2  
  183  13:18  Planetary Fortress  
  187  13:23  Missile Turret  
  185  13:28  SCV  
  181  13:35  Ghost  
  181  13:36  Marine, Ghost  
  180  13:41  Viking x2  
  180  13:44  Viking x2  
  185  13:58  Missile Turret  
  185  14:02  Barracks Reactor, Barracks Tech Lab x2  
  185  14:07  Missile Turret  
  181  14:11  Medivac x2  
  181  14:13  SCV x4  
  181  14:14  Refinery x2  
  189  14:25  SCV  
  185  14:36  Viking x2  
  181  14:39  Marauder, Marine x2  
  181  14:40  Marauder x3, Marine x3  
  181  14:41  Widow Mine  
  181  14:45  Refinery  
  196  14:50  Viking x2  
  200  15:02  Refinery  
  198  15:12  Ghost  
  199  15:21  Starport  
  199  15:22  Starport  
  193  15:36  Marauder  
  193  15:37  Marauder  
  189  15:48  Marine  
  182  15:50  Marauder x2  
  182  15:52  Marauder  
  182  15:53  Widow Mine  
Tags
 
Add a new tag
Caveats
  • Supply blocks, unpowered buildings, or Contaminate may cause inaccurate times.
  • Supply counts are checked every 10 seconds.